 Dungeon Crawl Stone Soup version 0.23.2-1-ga50397a6bc (webtiles) character file.

Game seed: 16521701504877658766

159 Raskolek the Digger (level 5, -2/28 HPs)
             Began as a Gargoyle Earth Elementalist on May 25, 2019.
             Killed from afar by an orc wizard (5 damage)
             ... with a magic dart
             ... on level 3 of the Dungeon.
             The game lasted 00:28:34 (3447 turns).

Raskolek the Digger (Gargoyle Earth Elementalist)   Turns: 3447, Time: 00:28:34

Health: -2/28      AC:  6    Str: 11    XL:     5   Next: 40%
Magic:  3/9        EV: 12    Int: 17    God:
Gold:   128        SH:  0    Dex: 10    Spells: 6/10 levels left

rFire    . . .     SeeInvis .   w - +0 whip
rCold    . . .     Gourm    .   (no shield)
rNeg     + . .     Faith    .   c - +0 robe
rPois    ∞         Spirit   .   (no helmet)
rElec    +         Reflect  .   (no cloak)
rCorr    .         Harm     .   (no gloves)
MR       .....                  (no boots)
Stlth    ++........             (no amulet)
HPRegen  0.09/turn              (no ring)
MPRegen  0.11/turn              (no ring)

@: no status effects
A: negative energy resistance 1, electricity resistance, unbreathing,
petrification resistance, rot immunity, AC +4
a: no special abilities


You were on level 3 of the Dungeon.
You were not hungry.

You visited 1 branch of the dungeon, and saw 3 of its levels.

You collected 128 gold pieces.

Inventory:

Hand Weapons
 a - a +0 hand axe
 g - a +0 dagger
 k - a +0 club
 l - a +0 club
 p - a +0 hunting sling
 s - a +1 dagger of freezing
 u - a +0 flail
 w - a +0 whip (weapon)
 A - a +0 halberd
Missiles
 b - 40 stones (quivered)
 m - 14 arrows
 r - 24 sling bullets
 y - 33 bolts
Armour
 c - a +0 robe (worn)
 e - a +0 chain mail
 o - a +0 leather armour
 t - a +0 robe
Jewellery
 B - an uncursed ring of protection from magic {unknown}
Scrolls
 f - a scroll of identify {unknown}
 h - a scroll of immolation {unknown}
 i - a scroll of remove curse {unknown}
 n - a scroll of noise {unknown}
 z - a scroll of fear {unknown}
Potions
 j - a potion of resistance {unknown}
 q - a potion of might {unknown}
 v - 2 potions of brilliance {unknown}
 x - a potion of mutation {unknown}
 D - 2 potions of berserk rage {unknown}
Comestibles
 d - 6 rations
 C - a chunk of flesh


   Skills:
 + Level 0.5 Fighting
 + Level 1.2 Short Blades
 + Level 0.7 Axes
 + Level 2.1 Dodging
 + Level 2.4 Stealth
 + Level 3.0 Spellcasting
 + Level 0.1 Conjurations
   Level 0.7 Transmutations
 + Level 5.1 Earth Magic


You had 6 spell levels left.
You knew the following spells:

 Your Spells              Type           Power        Failure   Level  Hunger
a - Sandblast             Erth           ###...       2%          1    None
b - Stone Arrow           Conj/Erth      ##....       19%         3    ###....

Your spell library contained the following spells:

 Spells                   Type           Power        Failure   Level  Hunger
 Passwall                 Tmut/Erth      ##......     8%          2    ##.....
 Petrify                  Tmut/Erth      ##......     45%         4    ####...
 Lee's Rapid Deconstruct  Erth           ###.......   52%         5    ######.


Dungeon Overview and Level Annotations

Branches:
Dungeon (3/15)

Altars:
Nemelex Xobeh


Innate Abilities, Weirdness & Mutations

You are resistant to torment.
Your stone body is resilient. (AC +4)
You are immune to poison.
You resist negative energy. (rN+)
You are resistant to electric shocks. (rElec)
You can survive without breathing.
You are immune to petrification.
You are immune to rotting.


Message History

The orc wizard's wounds heal themselves!
The bat closely misses you.
The orc wizard mumbles some strange words.
The orc wizard blinks!
The bat hits you. The quokka completely misses you.
The orc wizard casts a spell at you. The magic dart hits you.
* * * LOW HITPOINT WARNING * * *
The quokka bites you.
* * * LOW HITPOINT WARNING * * *
The bat barely misses you.
Your magical contamination has completely faded away.
There is an open door here.
The bat closely misses you.
The orc wizard mumbles some strange words.
The orc wizard seems to speed up.
There is a stone staircase leading up here.
The orc wizard gestures at you while chanting.
The magic dart hits you.
You die...

..........##.## .....#.#.)#..#
... .##....#.....# ..
#######.#..# #.# #.#..... ..
#.##.#### #.## . ######## #.#
...# .[#
...#.....o#####.####.########.#
..........rbo.@...).......>....
..#.)...o####....###...#####..
####'###.......# #...# #..
.......##....# #...#####..
#...(... #....# #...##.....
#)...... #....# #...##.....
#.......# #....# #...##.....
#.......# #....# #...#######
.......## #...# #


You could see an orc priest, an orc wizard, an orc, a quokka and a bat.

Vanquished Creatures
  An orc wizard (D:2)
  3 gnolls (D:2)
  3 adders
  An ooze (D:3)
  A worm (D:2)
  A dart slug (D:1)
  7 orcs
  A ball python (D:1)
  4 bats
  A giant cockroach (D:2)
  7 goblins
  9 hobgoblins
  6 jackals (D:1)
  4 frilled lizards
  5 kobolds
  5 rats
59 creatures vanquished.

Notes
Turn   | Place    | Note
-------+----------+-------------------------------------------
     0 | D:1      | Raskolek the Gargoyle Earth Elementalist began the quest
                  | for the Orb.
     0 | D:1      | Reached XP level 1. HP: 10/10 MP: 3/3
   279 | D:1      | Reached skill level 4 in Earth Magic
   281 | D:1      | Reached XP level 2. HP: 14/15 MP: 0/5
  1041 | D:2      | Reached XP level 3. HP: 15/19 MP: 2/6
  1138 | D:2      | Reached XP level 4. HP: 24/24 MP: 0/7
  1330 | D:2      | Learned a level 3 spell: Stone Arrow
  2367 | D:1      | Reached skill level 5 in Earth Magic
  2367 | D:1      | Reached XP level 5. HP: 28/28 MP: 7/9
  2760 | D:2      | Found a sparkling altar of Nemelex Xobeh.
  2861 | D:2      | Found a faded altar of an unknown god.
  3252 | D:3      | Reached skill level 1 in Short Blades
  3447 | D:3      | Killed from afar by an orc wizard

Skill      XL: |  1  2  3  4  5 |
---------------+----------------+-----
Earth Magic    | 4 5 |  5.1
Dodging        | 2 |  2.1
Spellcasting   | 3 |  3.0
Short Blades   | 1 |  1.2
Fighting       | |  0.5
Axes           | |  0.7
Stealth        | |  2.4
Conjurations   | |  0.1
Transmutations | |  0.7

Action                   |  1- 3 |  4- 6 || total
-------------------------+-------+-------++-------
Melee: Hand axe          |    27 |       ||    27
       Dagger            |    16 |    60 ||    76
       Whip              |       |    62 ||    62
 Cast: Sandblast         |    24 |    19 ||    43
       Stone Arrow       |       |    16 ||    16
  Eat: Chunk             |     1 |     9 ||    10
Armor: Robe              |    32 |    62 ||    94
Dodge: Dodged            |    50 |   107 ||   157
